Map: Terraform LE (Void)

Players

Reality - Winner!

  • Race: Terran Terran
  • League: Master

HyuN

  • Race: Zerg Zerg
  • League: Master

Event: Team Gravity's Fight Night #37

VOD

https://youtu.be/dH7_hsdymMo?t=1h4m26s

Description

Time

  • Played on: Oct. 31, 2015, 8:59 p.m.
  • Length: 17:48

All games in this series

Show
View Real Time Build Order
Export as new Build Order

Reality Terran - Winner!

Build Orders: Command Center First (CC), Hellion Banshee, Mech 

Get SALT Encoding   

  12  0:00  SCV  
  13  0:12  SCV  
  14  0:17  Supply Depot  
  14  0:25  SCV  
  15  0:39  SCV  
  16  0:51  SCV  
  17  0:59  Command Center  
  17  1:03  SCV  
  18  1:13  Barracks  
  18  1:15  SCV  
  19  1:21  Refinery  
  19  1:27  SCV  
  20  1:39  SCV  
  21  1:52  SCV  
  22  2:01  Marine  
  23  2:04  Orbital Command  
  23  2:10  Bunker  
  23  2:11  Orbital Command  
  23  2:19  Marine  
  23  2:22  Factory  
  24  2:30  SCV  
  24  2:36  SCV  
  26  2:40  Barracks Reactor  
  26  2:42  SCV  
  27  2:47  Command Center  
  27  2:48  SCV  
  28  2:54  Supply Depot, SCV  
  28  2:57  Refinery  
  29  3:00  SCV  
  30  3:06  SCV  
  32  3:12  SCV  
  32  3:17  Starport  
  32  3:18  SCV  
  33  3:23  Hellion  
  33  3:24  SCV, Hellion  
  38  3:27  Barracks Tech Lab  
  38  3:30  SCV, Supply Depot  
  39  3:37  SCV  
  40  3:42  SCV  
  40  3:44  Hellion  
  40  3:46  Hellion  
  45  3:49  SCV  
  45  3:54  SCV  
  47  3:57  Barracks Tech Lab  
  47  4:00  Viking  
  47  4:01  SCV  
  50  4:06  Orbital Command  
  50  4:07  SCV  
  50  4:09  Hellion x2  
  55  4:13  SCV  
  56  4:18  Refinery x2  
  56  4:19  SCV  
  57  4:25  SCV  
  57  4:30  Banshee, Hellion  
  57  4:31  SCV, Hellion  
  66  4:37  SCV  
  65  4:43  SCV  
  61  4:47  Armory  
  61  4:49  SCV  
  61  4:55  SCV, Hellion x2  
  61  4:57  Armory  
  61  4:59  Orbital Command  
  66  5:01  SCV  
  66  5:05  Supply Depot x2  
  67  5:07  SCV  
  68  5:16  SCV  
  69  5:26  SCV, Factory, Viking  
  69  5:27  Factory  
  69  5:28  SCV  
  73  5:32  SCV  
  74  5:36  Supply Depot, Hellion x2  
  74  5:37  Supply Depot, Terran Vehicle Weapons Level 1  
  74  5:41  SCV x2, Engineering Bay  
  80  5:44  SCV, Terran Vehicle And Ship Armor Level 1  
  80  5:48  Supply Depot x2  
  81  5:51  Barracks Reactor, Refinery  
  81  5:53  SCV x2  
  81  5:56  SCV  
  84  6:05  SCV x2, Hellion x2  
  84  6:08  SCV, Supply Depot  
  84  6:09  Supply Depot, Refinery  
  91  6:12  Medivac  
  91  6:17  SCV x2  
  95  6:19  Thor  
  95  6:20  SCV  
  95  6:23  Supply Depot  
  102  6:26  Thor  
  108  6:33  Missile Turret  
  108  6:36  SCV x3  
  108  6:38  Missile Turret  
  111  6:45  Barracks Reactor, Factory x2  
  111  6:48  Missile Turret  
  111  6:52  Hellion x2, Medivac  
  111  6:53  Medivac  
  119  7:04  Siege Tank  
  119  7:05  Supply Depot  
  119  7:07  Supply Depot  
  119  7:08  Supply Depot  
  122  7:14  Hellion x2  
  122  7:15  Siege Tank  
  129  7:18  SCV x2, Supply Depot  
  129  7:19  SCV  
  129  7:22  Supply Depot  
  132  7:29  Medivac x2  
  136  7:30  Factory Tech Lab  
  136  7:34  Terran Vehicle Weapons Level 2  
  136  7:36  Supply Depot  
  136  7:37  Supply Depot  
  136  7:41  Hellion, Hellbat x3  
  147  7:46  Supply Depot  
  147  7:47  Terran Vehicle And Ship Armor Level 2  
  150  8:02  Hellbat x4  
  160  8:10  Thor  
  160  8:11  Thor  
  164  8:16  Missile Turret  
  164  8:17  Missile Turret x2  
  164  8:19  Thor  
  167  8:21  Missile Turret  
  167  8:24  Missile Turret  
  167  8:28  Missile Turret  
  167  8:29  Viking  
  168  8:39  Hellion x2, Hellbat x2  
  176  8:42  Viking  
  178  8:53  Siege Tank  
  178  8:54  Siege Tank  
  184  9:00  Viking  
  184  9:02  Siege Tank  
  189  9:04  Hellion x4  
  195  9:12  Viking  
  193  9:25  Thor  
  193  9:27  Command Center  
  195  9:41  Hellion x2  
  195  9:43  Hellion x2  
  195  9:49  Hellion x4  
  195  9:52  Command Center  
  195  9:53  Viking  
  195  9:54  Viking  
  198  10:12  Siege Tank  
  198  10:14  Siege Tank  
  186  10:23  Viking  
  186  10:24  Viking  
  180  10:30  Siege Tank  
  180  10:31  Hellion x4  
  173  10:40  Terran Vehicle Weapons Level 3, Missile Turret  
  173  10:41  SCV x3  
  162  10:44  Siege Tank  
  162  10:46  Siege Tank  
  156  10:52  Hellion x4  
  156  10:57  Orbital Command  
  156  11:03  Terran Vehicle And Ship Armor Level 3  
  156  11:05  Viking x2  
  158  11:21  Siege Tank x3  
  165  11:29  Hellion x3  
  164  11:38  Viking  
  164  11:39  Viking  
  131  11:50  Hellion x2  
  131  11:53  Siege Tank x2  
  134  11:56  Hellion x2  
  138  12:02  Refinery  
  138  12:06  Planetary Fortress  
  138  12:11  Refinery  
  138  12:16  Thor  
  138  12:21  Hellion x9  
  148  12:23  Hellion  
  148  12:24  Hellion  
  152  12:30  Missile Turret  
  152  12:33  Siege Tank x2  
  162  12:45  Hellion x2  
  162  12:46  Hellion x2  
  162  12:49  Liberator x2  
  170  12:59  Siege Tank  
  173  13:05  Siege Tank  
  173  13:06  Siege Tank  
  173  13:07  Hellion x4  
  185  13:20  Terran Ship Weapons Level 1  
  185  13:22  Building Armor  
  185  13:29  Command Center x2  
  185  13:32  Starport, Liberator x2  
  185  13:33  Starport  
  185  13:40  Barracks  
  185  13:41  Barracks  
  185  13:44  Ghost Academy  
  189  14:00  Thor  
  193  14:04  Thor  
  195  14:10  Thor  
  195  14:15  Starport Tech Lab  
  189  14:21  Starport Reactor  
  189  14:22  Liberator x2  
  183  14:28  Hellion x3  
  183  14:29  Hellion  
  183  14:30  Barracks Tech Lab  
  183  14:35  Barracks Tech Lab  
  176  14:42  Barracks Tech Lab, Viking  
  176  14:43  Liberator  
  184  14:46  Missile Turret, Fusion Core  
  184  14:50  Orbital Command  
  184  14:56  Sensor Tower  
  184  15:03  Viking  
  184  15:06  Sensor Tower  
  197  15:07  Liberator  
  197  15:09  Refinery  
  193  15:22  Thor  
  193  15:26  Missile Turret  
  192  15:41  Planetary Fortress  
  180  15:50  Orbital Command  
  180  15:52  Advanced Ballistics  
  180  15:56  Thor  
  180  15:57  Siege Tank  
  189  15:58  Hellion x3  
  189  16:02  Ghost  
  197  16:04  Refinery  
  197  16:08  Liberator  
  197  16:40  Liberator x2  
  191  16:56  Thor, Missile Turret  
  194  17:18  Ghost  
Show
View Real Time Build Order
Export as new Build Order

HyuN Zerg 

Build Orders: Hatch First, Muta Ling Bane 

Get SALT Encoding   

  12  0:00  Drone  
  13  0:12  Overlord  
  13  0:18  Drone  
  14  0:30  Drone  
  14  0:31  Drone  
  14  0:34  Drone  
  17  0:51  Hatchery  
  17  0:53  Drone  
  17  0:58  Drone  
  18  1:07  Extractor  
  17  1:12  Spawning Pool  
  17  1:15  Drone  
  18  1:18  Drone  
  18  1:28  Drone  
  19  1:38  Overlord  
  19  1:58  Queen  
  19  2:00  Zergling x4  
  23  2:03  Queen  
  23  2:04  Drone  
  26  2:09  Metabolic Boost  
  26  2:13  Drone  
  26  2:14  Drone  
  28  2:26  Drone x2  
  30  2:32  Overlord  
  30  2:34  Queen  
  30  2:35  Drone  
  33  2:43  Drone  
  34  2:46  Drone  
  35  2:54  Drone  
  35  2:57  Drone  
  37  3:01  Hatchery  
  37  3:04  Pneumatized Carapace  
  36  3:06  Drone  
  36  3:08  Drone x2  
  36  3:12  Drone  
  40  3:14  Drone  
  40  3:17  Overlord  
  41  3:22  Drone x2  
  41  3:25  Drone  
  44  3:35  Extractor, Queen  
  44  3:36  Drone  
  44  3:37  Drone  
  44  3:40  Drone  
  48  3:43  Drone  
  48  3:44  Drone x3  
  52  3:51  Overlord  
  52  3:53  Baneling Nest, Overlord  
  51  3:56  Drone  
  52  4:09  Queen  
  54  4:13  Drone x5  
  59  4:17  Lair  
  59  4:19  Drone  
  59  4:20  Drone  
  61  4:25  Evolution Chamber  
  61  4:27  Drone x2  
  61  4:28  Evolution Chamber  
  61  4:29  Drone x3  
  64  4:33  Zergling x4  
  60  4:44  Drone  
  60  4:45  Drone x3  
  60  4:49  Drone  
  60  4:50  Drone  
  63  4:53  Drone  
  63  4:54  Zerg Melee Weapons Level 1  
  63  4:58  Drone  
  65  5:01  Drone  
  65  5:05  Overlord x3  
  66  5:12  Extractor x2  
  64  5:19  Overlord x2  
  64  5:24  Drone  
  64  5:25  Drone x8  
  73  5:28  Zerg Ground Armor Level 1  
  73  5:30  Drone x2  
  73  5:31  Hatchery, Drone x2, Extractor  
  73  5:33  Extractor  
  74  5:38  Drone x2  
  74  5:40  Overseer  
  76  5:43  Drone  
  76  5:46  Drone  
  76  5:48  Drone  
  79  5:55  Overseer  
  79  5:56  Drone  
  81  5:57  Drone x2  
  81  5:58  Drone x3  
  81  5:59  Drone x2  
  87  6:05  Zergling x6  
  87  6:06  Spire, Zergling x2  
  90  6:12  Overlord x2  
  90  6:16  Infestation Pit  
  89  6:21  Hatchery  
  89  6:22  Overlord x3  
  88  6:34  Centrifical Hooks  
  88  6:35  Drone  
  88  6:36  Drone x2  
  91  6:40  Spore Crawler  
  91  6:41  Drone  
  91  6:42  Drone x3, Spore Crawler  
  91  6:45  Spore Crawler  
  92  6:52  Drone x2  
  94  6:56  Zerg Melee Weapons Level 2  
  94  6:57  Roach Warren  
  94  6:58  Hive  
  94  6:59  Zergling x16  
  94  7:00  Zergling x2  
  102  7:12  Baneling x4  
  102  7:13  Drone x3  
  102  7:14  Drone x2  
  102  7:15  Drone x3  
  110  7:18  Overlord x4  
  110  7:20  Extractor  
  110  7:22  Zerg Flyer Armor Level 1, Extractor  
  108  7:25  Overlord  
  108  7:34  Mutalisk x3  
  108  7:35  Mutalisk  
  118  7:38  Mutalisk x2  
  118  7:40  Mutalisk x2  
  124  8:06  Hatchery  
  123  8:15  Viper x2  
  123  8:16  Ultralisk Cavern  
  128  8:21  Spine Crawler  
  128  8:24  Spore Crawler x2, Spine Crawler  
  128  8:25  Spine Crawler  
  123  8:54  Zerg Ground Armor Level 2  
  123  8:55  Queen x3  
  123  8:56  Queen x2  
  125  9:11  Drone x3  
  128  9:21  Chitinous Plating  
  128  9:23  Ultralisk x4  
  128  9:24  Overlord x3  
  152  9:27  Drone  
  152  9:30  Spine Crawler x2  
  152  9:31  Queen  
  173  9:45  Ultralisk x3  
  173  9:51  Baneling x8  
  173  10:03  Ultralisk  
  179  10:08  Hatchery  
  147  10:41  Ultralisk x4  
  133  10:52  Zergling x6  
  133  10:53  Zergling x16  
  123  10:57  Zergling x20  
  123  10:58  Zergling x16  
  140  11:06  Ultralisk  
  142  11:12  Baneling x2  
  142  11:13  Baneling x5  
  87  11:47  Ultralisk x3  
  99  11:56  Drone x3  
  99  11:57  Extractor  
  99  11:58  Spine Crawler  
  100  12:09  Spine Crawler  
  100  12:10  Queen x4, Extractor  
  100  12:11  Viper  
  109  12:21  Drone x3  
  111  12:23  Spine Crawler  
  111  12:24  Extractor x2  
  111  12:26  Hatchery  
  107  12:43  Zerg Ground Armor Level 3  
  107  12:52  Drone x2  
  109  13:01  Ultralisk x2  
  103  13:21  Drone x2  
  105  13:28  Mutalisk x5  
  111  13:49  Drone x7  
  114  14:02  Zerg Melee Weapons Level 3  
  108  14:07  Hatchery  
  108  14:08  Drone x4  
  105  14:20  Mutalisk  
  101  14:30  Drone x2  
  103  14:34  Drone  
  103  14:37  Drone  
  105  14:45  Drone x3  
  108  15:01  Drone x2  
  110  15:08  Drone x2  
  110  15:10  Drone  
  110  15:11  Drone x2  
  110  15:12  Drone x7  
  110  15:13  Drone  
  122  15:29  Burrow  
  113  15:44  Drone x3  
  113  15:49  Drone  
  117  15:50  Drone x2  
  117  15:51  Zergling x14  
  117  15:56  Viper x2  
  129  16:00  Queen  
  129  16:02  Queen  
  136  16:04  Drone  
  136  16:08  Drone x2  
  141  16:36  Queen x2  
  141  16:37  Queen x3  
  149  16:45  Overlord x2  
  149  16:46  Overlord x2  
  149  16:47  Ultralisk  
  151  17:05  Ultralisk x2  
  159  17:08  Drone  
  159  17:09  Drone x2  
  159  17:11  Spine Crawler  
  159  17:12  Spine Crawler  
  159  17:14  Drone x2, Spine Crawler  

Tags
 
Add a new tag
Caveats
  • Supply blocks, unpowered buildings, or Contaminate may cause inaccurate times.
  • Supply counts are checked every 10 seconds.